 Dungeon Crawl Stone Soup version 0.31-a0-355-g57cb03d3e8 (webtiles) character file.

Game seed: 11042222402086687685

2905 hashsling the Fighter (level 9, -1/61 HPs)
             Began as a Gargoyle Gladiator on July 25, 2023.
             Was a Follower of Okawaru.
             Slain by Joseph
             ... wielding a +2 quarterstaff of distortion
              (16 damage)
             ... on level 7 of the Dungeon.
             The game lasted 00:21:41 (6629 turns).

hashsling the Fighter (Gargoyle Gladiator)          Turns: 6629, Time: 00:21:42

Health: -1/61      AC: 21    Str: 24    XL:     9   Next: 78%
Magic:  6/9        EV: 13    Int: 15    God:    Okawaru [*.....]
Gold:   409        SH:  0    Dex: 11    Spells: 8/8 levels left

rFire   + . .        a - +1 quarterstaff
rCold   + . .        (shield currently unavailable)
rNeg    + + .        C - +1 scale mail of the Four Ghosts {rF+ rC+ rN+ Str+2}
rPois   ∞            c - +0 helmet
rElec   +            (no cloak)
rCorr   .            v - +2 pair of gloves
SInv    .            (no boots)
Will    .....        z - amulet of regeneration
Stlth   +            B - +6 ring of intelligence
HPRegen 1.10/turn    (no ring)
MPRegen 0.11/turn

%: no passive effects
@: heroic
A: sickness immunity, AC +6, negative energy resistance 1, electricity
resistance, torment resistance 1, petrification resistance
a: Renounce Religion, Heroism


You were on level 7 of the Dungeon.
You worshipped Okawaru.
Okawaru was aware of your devotion.
You visited 2 branches of the dungeon, and saw 8 of its levels.
You also visited: Sewer.

You collected 409 gold pieces.

Inventory:

Hand Weapons
 a - a +1 quarterstaff (weapon)
 H - a +0 orcbow
Missiles
 d - 3 throwing nets
 e - a javelin
 r - 19 poisoned darts
Armour
 c - a +0 helmet (worn)
 v - a +2 pair of gloves (worn)
 C - the +1 scale mail of the Four Ghosts (worn) {rF+ rC+ rN+ Str+2}
   (You found it on level 6 of the Dungeon)

   Str:       It affects your strength (+2).
   rF:        It protects you from fire.
   rC:        It protects you from cold.
   rN:        It protects you from negative energy.
Jewellery
 z - an amulet of regeneration (around neck)
 B - a +6 ring of intelligence (left hand)
Wands
 b - a wand of paralysis (15)
 g - a wand of polymorph (11)
 D - a wand of iceblast (4) (quivered)
Scrolls
 i - 3 scrolls of teleportation
 l - a scroll of fear {unknown}
 m - a scroll of enchant armour {unknown}
 n - a scroll of butterflies {unknown}
 p - 2 scrolls of enchant weapon
 q - a scroll of blinking {unknown}
 y - a scroll of vulnerability {unknown}
 A - a scroll of torment {unknown}
 E - a scroll of poison {unknown}
 F - a scroll of silence {unknown}
 G - a scroll of identify {unknown}
Potions
 f - a potion of attraction {unknown}
 h - a potion of ambrosia {unknown}
 j - 4 potions of curing {unknown}
 k - a potion of degeneration {unknown}
 o - 2 potions of cancellation {unknown}
 s - 3 potions of magic {unknown}
 t - 2 potions of resistance {unknown}
 u - a potion of heal wounds {unknown}
 w - 3 potions of enlightenment {unknown}
 x - a potion of brilliance {unknown}


   Skills:
 * Level 9.6(14.6) Fighting
 * Level 8.3(13.3) Staves
 - Level 2.0(7.0) Throwing
 + Level 6.4(11.4) Armour
 - Level 3.0(8.0) Dodging


You had 8 spell levels left.
You didn't know any spells.
Your spell library contained the following spells:

 Spells                   Type           Power      Damage    Failure   Level
 Freeze                   Ice            0%         1d3       47%         1
 Slow                     Hex            0%         N/A       47%         1
 Confusing Touch          Hex            0%         N/A       85%         3
 Frozen Ramparts          Ice            0%         1d1       85%         3
 Hailstorm                Conj/Ice       0%         3d3       85%         3
 Ozocubu's Armour         Ice            0%         N/A       85%         3
 Vampiric Draining        Necr           0%         2d6       85%         3
 Lee's Rapid Deconstruct  Erth           0%         3d4*      100%        5
 Ozocubu's Refrigeration  Ice            0%         4d7       100%        7
 Animate Armour           Summ/Erth      Unusable   N/A       N/A         4
 Summon Lightning Spire   Summ/Air       Unusable   N/A       N/A         4

Dungeon Overview and Level Annotations

Branches:
Dungeon (7/15)             Temple (1/1) D:6           Sewer (visited)

Altars:
Ashenzari
Cheibriados
Dithmenos
Elyvilon
Fedhas
Gozag
Hepliaklqana
Kikubaaqudgha
Nemelex Xobeh
Okawaru
Qazlal
Ru
Sif Muna
Trog
Uskayaw
Vehumet
Wu Jian
Xom
Yredelemnul
Zin
The Shining One

Shops:
D:3 =

Annotations:
D:7 Joseph
Temple 2 transporters


Innate Abilities, Weirdness & Mutations

You are immune to sickness and miasma.
Your stone body is resilient. (AC +6)
You are immune to poison.
You resist negative energy. (rN+)
You are resistant to electric shocks. (rElec)
You are resistant to unholy torment.
You are immune to petrification.


Message History

The cyclops throws a large rock.
The large rock hits you!!
Joseph shoots a sling bullet.
The sling bullet hits you!
* * * LOW HITPOINT WARNING * * *
Aiming: Iceblast
Press: ? - help, Q - select action, (/) - cycle Shift-Dir - straight line The mass of ice explodes!
The iceblast engulfs Joseph!
Joseph partially resists.
Joseph is heavily wounded.
The iceblast engulfs the cyclops!
The cyclops is severely wounded.
You feel like a meek peon again.
Joseph shoots a sling bullet.
The sling bullet completely misses you.
Aiming: Iceblast
Press: ? - help, Q - select action, (/) - cycle Shift-Dir - straight line The mass of ice explodes!
The iceblast engulfs Joseph!
Joseph partially resists.
Joseph is severely wounded.
The iceblast engulfs the cyclops!
The cyclops is almost dead.
You hear a bark!
Aiming: Iceblast
Press: ? - help, Q - select action, (/) - cycle Shift-Dir - straight line
Okay, then.
You gain the combat prowess of a mighty hero.
You sock the cyclops!
You kill the cyclops!
Okawaru is honoured by your kill.
Unknown command.
Found a chain mail.
Things that are here:
3 large rocks; a cyclops corpse You hit Joseph.
Joseph is severely wounded.
Joseph unwields a +0 sling.
Joseph wields a +2 quarterstaff of distortion.
Its appearance distorts for a moment.
Joseph hits you with a +2 quarterstaff of distortion.
* * * LOW HITPOINT WARNING * * *
Space warps horribly around you!
You die...

#.# ##.. ##.##........
# #.# ##... .. .
##.#####...###.### .>
###..##......#.....##
#....#..............#.
#.....................
#.....................
#...[.................
#.....).......@.......
#.............@.......
##.##.................
#. ##................
#. ##...............
######†#####.#.# #.#
.#.# #.# [ ..#


You could see Joseph.

Vanquished Creatures
  A cyclops (D:7)
  3 water moccasins
  An ice beast (D:6)
  2 centaurs
  2 phantoms (D:6)
  The ghost of pigah the Changeling, an amateur OpSh (D:3)
  4 bullfrogs
  2 kobold brigands
  A gnoll sergeant (D:6)
  4 scorpions
  4 jellies
  A howler monkey (D:6)
  4 hounds
  2 sleepcaps
  2 orc priests (D:7)
  2 gnoll boudas
  4 iguanas
  An orc wizard (D:6)
  15 gnolls
  15 adders
  A shadow imp (D:5)
  3 worms
  11 dart slugs
  18 orcs
  7 bats
  9 endoplasms
  5 giant cockroaches
  6 goblins
  8 hobgoblins
  4 quokkas
  17 ball pythons
  5 frilled lizards
  16 kobolds
  9 rats
190 creatures vanquished.

Notes
Turn   | Place    | Note
-------+----------+-------------------------------------------
     0 | D:1      | hashsling the Gargoyle Gladiator began the quest for the
                  | Orb.
     0 | D:1      | Reached XP level 1. HP: 12/12 MP: 1/1
    71 | D:1      | Reached XP level 2. HP: 10/18 MP: 2/2
   351 | D:1      | Reached XP level 3. HP: 22/22 MP: 3/3
   373 | D:1      | Reached skill level 1 in Armour
   734 | D:1      | Reached skill level 3 in Fighting
  1125 | D:2      | Reached XP level 4. HP: 28/28 MP: 4/4
  1510 | D:2      | Reached XP level 5. HP: 33/33 MP: 5/5
  1663 | D:3      | Reached skill level 4 in Fighting
  1746 | D:3      | Found a faded altar of an unknown god.
  1801 | D:3      | Identified the +3 robe "Jiggia" {rF+ Dex+8}
  1859 | D:3      | Found a glowing drain.
  1906 | Sewer    | Entered a sewer
  1915 | Sewer    | Reached XP level 6. HP: 39/39 MP: 6/6
  2178 | Sewer    | Reached skill level 5 in Fighting
  2410 | D:3      | Found a runed translucent door.
  2416 | D:3      | Noticed pigah's ghost (amateur OpSh)
  2433 | D:3      | Killed pigah's ghost
  2640 | D:3      | Reached XP level 7. HP: 44/44 MP: 7/7
  2672 | D:3      | You fall into a shaft and drop 1 floor!
  2791 | D:3      | Found Ilatsiw's Jewellery Shoppe.
  3558 | D:4      | Reached skill level 6 in Fighting
  4339 | D:5      | Entered Level 5 of the Dungeon
  4576 | D:5      | Reached skill level 5 in Staves
  4717 | D:5      | Found a radiant altar of Vehumet.
  4717 | D:5      | Found a shimmering altar of Xom.
  4874 | D:5      | Reached XP level 8. HP: 52/52 MP: 8/8
  5244 | D:5      | Reached skill level 7 in Fighting
  5786 | D:6      | Identified the +1 scale mail of the Four Ghosts {rF+ rC+
                  | rN+ Str+2}
  5824 | D:6      | Reached skill level 5 in Armour
  5872 | D:6      | Reached skill level 8 in Fighting
  5896 | D:6      | Found a staircase to the Ecumenical Temple.
  5913 | Temple   | Found a transporter.
  5913 | Temple   | Found a transporter.
  5913 | Temple   | Found a transporter.
  5913 | Temple   | Found a transporter.
  5913 | Temple   | Entered the Ecumenical Temple
  5931 | Temple   | Became a worshipper of Warmaster Okawaru
  5985 | D:6      | Reached XP level 9. HP: 57/59 MP: 9/9
  6093 | D:6      | Reached * piety under Okawaru
  6441 | D:7      | Reached skill level 9 in Fighting
  6606 | D:7      | Noticed Joseph
  6607 | D:7      | Noticed a cyclops
  6627 | D:7      | Killed a cyclops
  6629 | D:7      | Slain by Joseph

Illustrated notes

Levels and vault maps discovered:
D:1:      ncdulo_halloftheorcs, layout_basic
D:2:      layout_loops_ring, grunt_decor_arrowhead
D:3:      layout_loops_ring, portal_sewer_entry_a,
          ebering_ecumenical_altar_mist, serial_shops,
          nicolae_shop_back_alley_shop, ebering_ghost_reflecting_pool
D:4:      minmay_skewed_foursquare, layout_cave_pods,
          kennysheep_opposing_triangles
D:5:      layout_loops_corners, nicolae_overflow_two_pavilions,
          minmay_misc_feat_ornament
D:6:      layout_rooms, minmay_temple_entry_mini_moons, st_stairs_2
D:7:      layout_rooms, nicolae_nh_ransacked_shop, uniq_joseph
Temple:   hellmonk_temple_divided_pantheon

Skill      XL: |  1  2  3  4  5  6  7  8  9 |
---------------+----------------------------+-----
Throwing       | 2 |  2.0
Armour         | 1 2 3 4 5 6 |  6.4
Fighting       | 3 4 5 6 8 9 |  9.6
Dodging        | 3 |  3.0
Staves         | 4 5 6 8 |  8.3

Action                     |  1- 3 |  4- 6 |  7- 9 || total
---------------------------+-------+-------+-------++-------
  Melee: Quarterstaff      |    83 |   241 |   480 ||   804
 Invoke: Heroism           |       |       |     2 ||     2
  Evoke: Wand              |       |       |     5 ||     5
    Use: Scroll            |       |     1 |     2 ||     3
 Armour: Leather armour    |    28 |    18 |       ||    46
         Scale mail        |       |   103 |   326 ||   429
  Dodge: Dodged            |    66 |   121 |   308 ||   495

Table legend: (Time is in decaauts)
 A = Elapsed time spent in this place.
 B = Non-inter-level travel time spent in this place.
 C = Inter-level travel time spent in this place.
 D = Time resting spent in this place.
 E = Time spent auto-exploring this place.
 F = Levels seen in this place.
 G = Mean time per level.
                   A        B        C        D        E       F      G
               +--------+--------+--------+--------+--------+-----+--------+
         Total |   6770 |   6523 |    247 |      0 |   4547 |   9 |  752.2 |
       Dungeon |   6107 |   5860 |    247 |      0 |   4242 |   7 |  872.4 |
        Temple |     50 |     50 |      0 |      0 |      0 |   1 |   50.0 |
         Sewer |    613 |    613 |      0 |      0 |    305 |   1 |  613.0 |
               +--------+--------+--------+--------+--------+-----+--------+

Top non-repeatable levels by time:
     D:5: 1376 daAuts
     D:4: 1328 daAuts
     D:1: 929 daAuts
     D:3: 922 daAuts
     D:2: 694 daAuts
     D:6: 630 daAuts
   Sewer: 613 daAuts
     D:7: 225 daAuts
  Temple: 50 daAuts
